 Dungeon Crawl Stone Soup version 0.28-a0-1213-g0243856f03 (webtiles) character file.

Game seed: 1639244538800933601

93 siradein the Caller (level 4, 0/33 HPs)
             Began as a Draconian Summoner on Dec 21, 2021.
             Killed by nerve-wracking pain
             ... invoked by Grinder
              (4 damage)
             ... on level 3 of the Dungeon.
             The game lasted 00:05:21 (3370 turns).

siradein the Caller (Draconian Summoner)            Turns: 3370, Time: 00:05:21

Health: 0/33       AC:  5    Str: 10    XL:     4   Next: 36%
Magic:  1/8        EV: 12    Int: 17    God:
Gold:   79         SH:  0    Dex: 12    Spells: 2/8 levels left

rFire   . . .      SeeInvis .   c - +2 dagger (drain)
rCold   . . .      Faith    .   (no shield)
rNeg    . . .      Spirit   .   (armour unavailable)
rPois   .          Reflect  .   (helmet restricted)
rElec   .          Harm     .   (no cloak)
rCorr   .          Rampage  .   (no gloves)
Will    .....                   (no boots)
Stlth   ++........              (no amulet)
HPRegen 0.11/turn               (no ring)
MPRegen 0.11/turn               (no ring)

@: no status effects
A: AC +5, unfitting armour, cold-blooded
a: no special abilities


You were on level 3 of the Dungeon.
You visited 1 branch of the dungeon, and saw 3 of its levels.

You collected 79 gold pieces.

Inventory:

Hand Weapons
 c - a +2 dagger of draining (weapon)
Jewellery
 d - a ring of ice
Scrolls
 b - a scroll of teleportation {unknown}
 e - a scroll of fog {unknown}
Potions
 a - a potion of curing {unknown}
 f - a potion of mutation {unknown}
 g - a potion of lignification {unknown}


   Skills:
 + Level 2.8 Dodging
 - Level 1.7 Stealth
 + Level 2.9 Spellcasting
 + Level 4.7 Summonings


You had 2 spell levels left.
You knew the following spells:

 Your Spells              Type           Power      Damage    Failure   Level
a - Summon Small Mammal   Summ           72%        N/A       2%          1
b - Call Imp              Summ           18%        N/A       3%          2
c - Call Canine Familiar  Summ           18%        N/A       8%          3

Your spell library contained the following spells:

 Spells                   Type           Power      Damage    Failure   Level
 Passwall                 Tmut/Erth      1%         N/A       26%         2
 Summon Guardian Golem    Hex/Summ       10%        N/A       21%         3
 Ignite Poison            Fire/Tmut/Pois 2%         N/A       47%         3
 Mephitic Cloud           Conj/Pois/Air  2%         N/A       47%         3
 Swiftness                Air            2%         N/A       47%         3
 Summon Lightning Spire   Summ/Air       10%        N/A       54%         4
 Freezing Cloud           Conj/Ice/Air   1%         6-21      99%         5


Dungeon Overview and Level Annotations

Branches:
Dungeon (3/15)

Altars:

Annotations:
D:3 Grinder, Sigmund


Innate Abilities, Weirdness & Mutations

Your plain brown scales are hard. (AC +5)
You cannot fit into any form of body armour.
You are cold-blooded and may be slowed by cold attacks.


Message History

Grinder barely misses you.
You can move again.
Grinder gestures at you.
You suddenly lose the ability to move!
You can move again.
There is a stone staircase leading up here.
Unknown command.
Unknown command.
Unknown command.
Grinder hits you but does no damage. Grinder hits you.
Your crimson imp blinks!
You hit Grinder.
Grinder is lightly wounded.
Grinder hits you!
You barely miss Grinder.
Grinder is lightly wounded.
Your crimson imp disappears in a puff of smoke!
Grinder gestures at you. Pain shoots through your body!
You are too injured to fight recklessly!
You hit Grinder but do no damage.
Grinder is lightly wounded.
Grinder hits you.
Casting: Call Canine Familiar (quite dangerous; 8% risk of failure)
Confirm with . or Enter, or press ? or * to list all spells.
The spell is quite dangerous to miscast (8% risk of failure)!
Continue anyway?
Grinder hits you.
* * * LOW HITPOINT WARNING * * *
You writhe in agony.
* * * LOW HITPOINT WARNING * * *
You hit Grinder but do no damage.
Grinder is lightly wounded.
Grinder hits you but does no damage.
You hit Grinder.
Grinder is lightly wounded.
Your hound bites Grinder.
Grinder gestures at you. Pain shoots through your body!
You die...

#.#.##..##.#####....##
#.#.....##.# #.......#
#.#.##..##.# #.......#
#.#.##..##.# #.......#
#.#........# ###...####
#........### #........#
###.....[.## #.#..###.#
##.........###..5.###.#
.'.........'....@h.##.#
##.........###....###.#
##.......## #+######.##
##.....## #.....##
##...## #####..# ##+##
##.# #.# .### #5# .....
#.#


You could see Grinder (ally target) and a friendly hound (summoned).

Vanquished Creatures
  A dart slug (D:1)
  2 orcs (D:2)
  3 ball pythons
  6 endoplasms
  2 giant cockroaches
  4 goblins
  A hobgoblin (D:1)
  4 jackals
  8 kobolds
  A quokka (D:1)
  7 frilled lizards
  5 rats
44 creatures vanquished.

Vanquished Creatures (collateral kills)
  An adder (D:2)
  A worm (D:2)
  3 orcs (D:2)
  A ball python (D:3)
  5 endoplasms
  A giant cockroach (D:1)
  A goblin (D:1)
  A hobgoblin (D:1)
  A jackal (D:1)
  4 frilled lizards
  3 kobolds (D:2)
  A rat (D:1)
23 creatures vanquished.

Grand Total: 67 creatures vanquished

Notes
Turn   | Place    | Note
-------+----------+-------------------------------------------
     0 | D:1      | siradein the Draconian Summoner began the quest for the
                  | Orb.
     0 | D:1      | Reached XP level 1. HP: 14/14 MP: 3/3
   698 | D:1      | Reached XP level 2. HP: 17/20 MP: 1/5
   793 | D:1      | Learned a level 2 spell: Call Imp
  1160 | D:1      | Reached XP level 3. HP: 22/26 MP: 3/6
  1165 | D:1      | Learned a level 3 spell: Call Canine Familiar
  1742 | D:2      | Found a faded altar of an unknown god.
  2187 | D:2      | Reached XP level 4. HP: 33/33 MP: 8/8
  2728 | D:3      | Noticed Sigmund
  3328 | D:3      | Noticed Grinder
  3334 | D:3      | Paralysed by Grinder for 3 turns
  3351 | D:3      | Paralysed by Grinder for 5 turns
  3360 | D:3      | Paralysed by Grinder for 3 turns
  3370 | D:3      | Killed from afar by Grinder

Illustrated notes

Levels and vault maps discovered:
D:1:      dpeg_chamrin_arrival_tetris, layout_basic, corner_web_ring
D:2:      layout_basic, dreamdust_ecumenical_altar_angels_and_demons,
          serial_glass, glass_columns_c, glass_columns_a, glass_columns_c,
          glass_columns_a, glass_columns_c, glass_columns_a, item_on_display_b,
          feat_on_display, item_on_display_a, kennysheep_generic_room_10
D:3:      layout_loops_corners, kennysheep_minor_cross, uniq_sigmund,
          uniq_grinder, uniq_ijyb

Skill      XL: |  1 |
---------------+----+-----
Dodging        | 2 |  2.8
Stealth        | |  1.7
Spellcasting   | |  2.9
Summonings     | |  4.7

Action                   |  1- 3 |  4- 6 || total
-------------------------+-------+-------++-------
Melee: Whip              |    26 |       ||    26
       Unarmed           |     3 |       ||     3
       Dagger            |    64 |    25 ||    89
       Tailslap          |     3 |     2 ||     5
 Cast: Summon Small Mamm |    12 |       ||    12
       Call Imp          |    17 |     9 ||    26
       Call Canine Famil |       |     6 ||     6
 Stab: Sleeping          |     5 |       ||     5
Armor: Skin              |    30 |     9 ||    39
Dodge: Dodged            |    60 |    16 ||    76

Table legend: (Time is in decaauts)
 A = Elapsed time spent in this place.
 B = Non-inter-level travel time spent in this place.
 C = Inter-level travel time spent in this place.
 D = Time resting spent in this place.
 E = Time spent auto-exploring this place.
 F = Levels seen in this place.
 G = Mean time per level.
                   A        B        C        D        E       F      G
               +--------+--------+--------+--------+--------+-----+--------+
         Total |   3381 |   3280 |    101 |    351 |   2245 |   3 | 1127.0 |
       Dungeon |   3381 |   3280 |    101 |    351 |   2245 |   3 | 1127.0 |
               +--------+--------+--------+--------+--------+-----+--------+

Top non-repeatable levels by time:
     D:2: 1665 daAuts
     D:1: 1453 daAuts
     D:3: 263 daAuts
